 Dungeon Crawl Stone Soup version 0.28.0-53-g5a82cb258f (webtiles) character file.

Game seed: 6144318735639118447

3665 unlimited1921 the Thaumaturge (level 10, -6/67 HPs)
             Began as a Djinni Fire Elementalist on July 8, 2022.
             Was an Initiate of Gozag.
             Mangled by Harold
             ... wielding a +2 trident of venom
              (20 damage)
             ... on level 8 of the Dungeon.
             The game lasted 00:26:54 (16031 turns).

unlimited1921 the Thaumaturge (DjFE)               Turns: 16031, Time: 00:26:56

Health: -6/67      AC:  9    Str: 13    XL:     10   Next: 34%
Gold:   882        EV:  6    Int: 21    God:    Gozag SH:  0 Dex: 14

rFire   + + .      SeeInvis .   x - +2 mace (protect)
rCold   x . .      Faith    .   N - +0 kite shield
rNeg    + . .      Spirit   .   c - +1 leather armour
rPois   ∞          Reflect  .   L - +2 hat
rElec   .          Harm     +   F - +2 cloak {Stlth+}
rCorr   .          Rampage  .   (no gloves)
Will    +....                   (boots unavailable)
Stlth   ++++......              P - amulet "Cyaps" {Acrobat Harm}
HPRegen 0.21/turn               A - ring of positive energy
MPRegen 0.00/turn               s - +6 ring of strength

@: flying, held
A: sickness immunity, fire resistance 2, cold vulnerability 1, float, innate
caster, HP casting, extra vitality 1
a: Renounce Religion, Potion Petition, Call Merchant, Bribe Branch


You were on level 8 of the Dungeon.
You worshipped Gozag.
Gozag was pleased with you.
You visited 2 branches of the dungeon, and saw 9 of its levels.

You collected 929 gold pieces.
You paid 47 gold pieces to Gozag.

Inventory:

Hand Weapons
 l - a +0 hunting sling
 u - a +2 whip of electrocution
 w - a +0 dagger of freezing
 x - a +2 mace of protection (weapon)
 E - a +4 quarterstaff of chaos
 O - a +0 flail of venom
Missiles
 d - 65 bolts
 f - 142 stones
 h - 14 poisoned darts
 j - 36 sling bullets
Armour
 c - a +1 leather armour (worn)
 r - a +0 scale mail
 B - a +0 ring mail
 F - a +2 cloak of stealth (worn)
 L - a +2 hat (worn)
 N - a +0 kite shield (worn)
Jewellery
 s - a +6 ring of strength (right hand)
 A - a ring of positive energy (left hand)
 P - the amulet "Cyaps" (around neck) {Acrobat Harm}
   (You found it on level 7 of the Dungeon)

   [amulet of the acrobat]

   It increases your evasion while moving and waiting.
   Harm:      It increases damage dealt and taken.
Wands
 p - a wand of flame (14)
 v - a wand of mindburst (9)
 D - a wand of iceblast (10) (quivered)
Scrolls
 e - a scroll of immolation {unknown}
 i - 3 scrolls of enchant armour
 k - 3 scrolls of vulnerability {unknown}
 m - a scroll of silence {unknown}
 o - 5 scrolls of teleportation {unknown}
 q - a scroll of magic mapping
 y - a scroll of fog {unknown}
 J - a scroll of amnesia {unknown}
 K - a scroll of enchant weapon
Potions
 a - 3 potions of curing {unknown}
 b - a potion of heal wounds
 t - 3 potions of lignification {unknown}
 z - 3 potions of might {unknown}
 C - a potion of flight
 H - 3 potions of ambrosia {unknown}
 I - 2 potions of degeneration {unknown}


   Skills:
 + Level 3.7 Fighting
 + Level 2.5 Long Blades
 + Level 2.2(2.9) Axes
 + Level 2.5(3.4) Maces & Flails
 + Level 2.5(3.2) Staves
 * Level 2.2 Crossbows
 + Level 2.8 Throwing
 + Level 4.9 Armour
 + Level 4.2 Dodging
 + Level 4.7 Stealth
 + Level 2.8 Shields
 + Level 0.1 Unarmed Combat
 + Level 8.8 Spellcasting


You had 4 spell levels left.
You knew the following spells:

 Your Spells              Type           Power      Damage    Failure   Level
a - Foxfire               Conj/Fire      100%       2x1d9     1%          1
b - Scorch                Fire           92%        2d9       1%          2
c - Conjure Flame         Conj/Fire      46%        6-21      2%          3
d - Inner Flame           Hex/Fire       46%        N/A       2%          3
e - Flame Wave            Conj/Fire      46%        2d10      8%          4
f - Beastly Appendage     Tmut           92%        N/A       1%          1
g - Static Discharge      Conj/Air       46%        N/A       1%          2
h - Gell's Gravitas       Tloc           46%        N/A       2%          3
i - Call Canine Familiar  Summ           46%        N/A       2%          3
Your spell library was empty.

Dungeon Overview and Level Annotations

Branches:
Dungeon (8/15)             Temple (1/1) D:5
   Lair: D:8-11

Altars:
Gozag
Makhleb
Sif Muna
Trog

Annotations:
D:8 Harold


Innate Abilities, Weirdness & Mutations

You are immune to sickness and miasma.
You are immune to poison.
Your flesh is very heat resistant. (rF++)
You are vulnerable to cold. (rC-)
You float through the air rather than walking.
You learn spells naturally, not from books.
Your magical power is your life essence.
You have superior vitality. (+4 MHP)


Message History

Unknown command.
Press: ? - help, v - describe, . - travel
Here: Harold, wielding a +2 trident of venom, wearing a +0 chain mail, quivering 3 throwing nets and carrying a wand of iceblast (7) (moderately wounded, more vulnerable to fire, ally target)
The floor.
There are monsters nearby!
As you read the scroll of fear, it crumbles to dust.
You assume a fearsome visage.
Harold looks frightened!
The orc wizard looks frightened!
The orc wizard gestures wildly while chanting.
The orc wizard flickers and vanishes!
Deactivating autopickup; reactivate with Ctrl-A.
Your foxfire dissipates!
The foxfire hits Harold!
Harold is burned terribly!
Harold is moderately wounded.
Your attack snaps Harold out of his fear.
The foxfire hits Harold.
Harold is burned terribly!
Harold is heavily wounded.
Harold throws a throwing net.
You block the throwing net.
You see here a throwing net.
Harold is no longer more vulnerable to fire.
Harold throws a throwing net.
The throwing net hits you.
You become entangled in the net!
You see here a throwing net.
You struggle against the net.
An orc comes into view. It is wielding a +0 club.
Casting: Scorch (safe; 1% risk of failure)
Confirm with . or Enter, or press ? or * to list all spells.
Flames lash Harold.
Harold is severely wounded.
Harold's fire resistance burns away.
The orc shouts!
* * * LOW HITPOINT WARNING * * *
Casting: Scorch (safe; 1% risk of failure)
Confirm with . or Enter, or press ? or * to list all spells.
Flames lash Harold.
Harold is burned terribly!
Harold is severely wounded.
* * * LOW HITPOINT WARNING * * *
Harold hits you from afar with a +2 trident of venom!
You die...
Your body crumbles into a pile of gold.

#. ###. $
#..!## #..o.#
....# #..# .#
###@#
$..#..(#####
........@##.###
#.......(##...#
.....#.......##
..####....<.##
$ . ##.....#
#...#### #...##
#... .....


You could see Harold (combustible) and an orc.

Vanquished Creatures
  A gargoyle (D:7)
  Eustachio (D:5)
  An ogre (D:7)
  An orc warrior (D:6)
  3 black bears
  A centaur (D:5)
  A phantom (D:5)
  A bullfrog (D:7)
  A scorpion (D:4)
  A gnoll sergeant (D:7)
  A water moccasin skeleton (D:6)
  2 howler monkeys
  A bullfrog zombie (D:6)
  2 hounds
  A jelly (D:7)
  Crazy Yiuf (D:5)
  2 orc priests (D:4)
  A centaur skeleton (D:6)
  An iguana (D:7)
  An orc wizard (D:6)
  2 hound skeletons
  Robin (D:3)
  9 gnolls
  2 howler monkey skeletons (D:4)
  6 adders
  2 white imps
  2 adder skeletons (D:4)
  A worm (D:2)
  2 dart slugs
  7 orcs
  8 endoplasms
  3 giant cockroaches
  11 goblins
  11 hobgoblins
  2 jackals (D:2)
  7 ball pythons
  9 bats
  4 frilled lizards
  5 kobolds
  6 rats
125 creatures vanquished.

Vanquished Creatures (collateral kills)
  2 foxfires (D:3)
2 creatures vanquished.

Vanquished Creatures (others)
  A wizard (D:6)
  450 foxfires
451 creatures vanquished.

Grand Total: 578 creatures vanquished

Notes
Turn   | Place    | Note
-------+----------+-------------------------------------------
     0 | D:1      | unlimited1921 the Djinni Fire Elementalist began the quest
                  | for the Orb.
     0 | D:1      | Reached XP level 1. HP: 15/15 MP: 0/0
  1331 | D:1      | Reached XP level 2. HP: 18/21 MP: 0/0
  2666 | D:1      | Found a faded altar of an unknown god.
  3320 | D:2      | Reached XP level 3. HP: 20/25 MP: 0/0
  3320 | D:2      | Learned a level 1 spell: Beastly Appendage
  3920 | D:2      | Reached skill level 3 in Spellcasting
  4437 | D:2      | Reached XP level 4. HP: 15/31 MP: 0/0
  7490 | D:3      | Found an opulent altar of Gozag.
  7500 | D:3      | Became a worshipper of Gozag Ym Sagoz the Greedy
  7585 | D:3      | Reached XP level 5. HP: 33/35 MP: 0/0
  7585 | D:3      | Learned a level 2 spell: Static Discharge
  8404 | D:3      | Noticed Robin
  8413 | D:3      | Killed Robin
  9164 | D:4      | Reached skill level 4 in Spellcasting
  9178 | D:4      | Reached XP level 6. HP: 20/40 MP: 0/0
 10732 | D:4      | Reached skill level 5 in Spellcasting
 10732 | D:4      | Reached XP level 7. HP: 28/45 MP: 0/0
 10732 | D:4      | Learned a level 3 spell: Gell's Gravitas
 11469 | D:5      | Entered Level 5 of the Dungeon
 11486 | D:5      | Noticed Eustachio
 11505 | D:5      | Killed Eustachio
 11506 | D:5      | Reached skill level 1 in Armour
 11993 | D:5      | Found a staircase to the Ecumenical Temple.
 12025 | D:5      | Found a runed translucent door.
 12026 | D:5      | Noticed Crazy Yiuf
 12032 | D:5      | Killed Crazy Yiuf
 12297 | D:5      | Reached XP level 8. HP: 22/50 MP: 0/0
 12299 | D:5      | Reached skill level 6 in Spellcasting
 12307 | Temple   | Entered the Ecumenical Temple
 13371 | D:6      | Found a bloodstained altar of Trog.
 13372 | D:6      | Noticed a wizard
 13377 | D:6      | Killed a wizard
 13673 | D:6      | Found a burning altar of Makhleb.
 14447 | D:7      | Noticed a gargoyle
 14849 | D:7      | Reached skill level 7 in Spellcasting
 14862 | D:7      | Reached XP level 9. HP: 27/55 MP: 0/0
 14862 | D:7      | Learned a level 3 spell: Call Canine Familiar
 15057 | D:7      | Killed a gargoyle
 15302 | D:7      | Identified the amulet "Cyaps" {Acrobat Harm}
 15559 | D:7      | Reached skill level 8 in Spellcasting
 15559 | D:7      | Reached XP level 10. HP: 67/67 MP: 0/0
 16016 | D:8      | Noticed Harold
 16031 | D:8      | Mangled by Harold

Illustrated notes

Levels and vault maps discovered:
D:1:      dpeg_arrival_simpleton_b, layout_basic,
          hellmonk_ecumenical_altar_lost_god, hangedman_decor_opposing,
          dk_noncrumbling_3, minmay_misc_feat_roman, minmay_pentomino_p2
D:2:      layout_basic
D:3:      cheibrodos_old_hovel, layout_basic, amcnicky_altar_gilded,
          mainiacjoe_overflow_tiny_flanked, uniq_robin
D:4:      layout_basic, item_on_display_a
D:5:      layout_rooms, minmay_temple_entry_overgrown, uniq_eustachio,
          uniq_crazy_yiuf_cottage
D:6:      layout_loops_ring, mainiacjoe_overflow_six_doors_small, trog_wizard,
          grunt_ministairs_1
D:7:      layout_rooms
D:8:      nzn_winding_woodlands_stair_cross
          [nzn_winding_woodlands_5x15_concentric,
          nzn_winding_woodlands_center_lodge,
          nzn_winding_woodlands_5x15_pathside_ponds,
          nzn_winding_woodlands_hourglass, nzn_winding_woodlands_5x5_open_star,
          nzn_winding_woodlands_5x15_sidewinder,
          nzn_winding_woodlands_center_garden,
          nzn_winding_woodlands_5x15_jagged], layout_cave_pools,
          gammafunk_ghost_necromancy, enter_bailey_2, nicolae_take_the_stairs,
          uniq_harold, uniq_erica, uniq_prince_ribbit1
Temple:   jpeg_temple_clearing

Skill      XL: |  1  2  3  4  5  6  7  8  9 |
---------------+----------------------------+-----
Stealth        | 2 3 4 |  4.7
Spellcasting   | 3 4 5 7 8 |  8.8
Armour         | 2 3 4 |  4.9
Fighting       | 3 |  3.7
Long Blades    | 2 |  2.5
Axes           | 2 |  2.2
Maces & Flails | 2 |  2.5
Staves         | 2 |  2.5
Crossbows      | 2 |  2.2
Throwing       | 2 |  2.8
Dodging        | 4 |  4.2
Shields        | 2 |  2.8
Unarmed Combat | |  0.1

Action                   |  1- 3 |  4- 6 |  7- 9 | 10-12 || total
-------------------------+-------+-------+-------+-------++-------
Melee: Unarmed           |     1 |       |       |       ||     1
       Mace              |       |     9 |       |       ||     9
 Cast: Foxfire           |    51 |   114 |    95 |    13 ||   273
       Scorch            |    12 |    29 |    13 |     7 ||    61
       Inner Flame       |       |     1 |    16 |     5 ||    22
       Conjure Flame     |       |       |     3 |       ||     3
Evoke: Wand              |       |       |     1 |       ||     1
  Use: Scroll            |       |     1 |     6 |     1 ||     8
       Potion            |       |       |     1 |       ||     1
Armor: Robe              |     7 |       |       |       ||     7
       Leather armour    |       |     6 |     3 |       ||     9
Dodge: Dodged            |    11 |    14 |     6 |     1 ||    32
Block: Kite shield       |       |       |       |     3 ||     3
